 Dungeon Crawl Stone Soup version 0.25.0-9-g26727b657a (webtiles) character file.

Game seed: 4952308978951637553

2262 Patate the Fighter (level 9, 0/97 HPs)
             Began as a Troll Hunter on June 21, 2020.
             Was a Follower of Makhleb.
             Slain by a leopard gecko (2 damage)
             ... on level 7 of the Dungeon.
             The game lasted 00:18:35 (6421 turns).

Patate the Fighter (Troll Hunter)                   Turns: 6421, Time: 00:18:36

Health: 0/97       AC:  7    Str: 22    XL:     9   Next: 15%
Magic:  8/8        EV: 10    Int:  7    God:    Makhleb [*.....]
Gold:   322        SH:  0    Dex: 13    Spells: 8/8 levels left

rFire    . . .     SeeInvis .     - Unarmed
rCold    . . .     Gourm    +   (no shield)
rNeg     . . .     Faith    .   b - +1 robe
rPois    .         Spirit   .   (helmet restricted)
rElec    .         Reflect  .   (no cloak)
rCorr    .         Harm     .   (gloves unavailable)
MR       .....                  (boots unavailable)
Stlth    +.........             (no amulet)
HPRegen  0.66/turn              (no ring)
MPRegen  0.11/turn              (no ring)

@: marked
A: large, unfitting armour, claws 3, fast metabolism 3, gourmand, regeneration
1, shaggy fur 1, tough skin 3
a: Renounce Religion


You were on level 7 of the Dungeon.
You worshipped Makhleb.
Makhleb was aware of your devotion.
You were completely stuffed.

You visited 2 branches of the dungeon, and saw 8 of its levels.

You collected 322 gold pieces.

Inventory:

Missiles
 c - a large rock (quivered)
Armour
 b - a +1 robe (worn)
Wands
 q - a wand of paralysis (6)
 r - a wand of disintegration (27)
Scrolls
 d - 2 scrolls of teleportation
 e - a scroll of amnesia
 l - 2 scrolls of enchant armour
 m - 3 scrolls of enchant weapon
 s - a scroll of magic mapping
Potions
 a - 3 potions of mutation
 g - a potion of lignification
 j - 3 potions of stabbing
 k - 4 potions of magic {unknown}
 n - a potion of invisibility {unknown}
 o - a potion of brilliance {unknown}
 p - 2 potions of curing {unknown}
Comestibles
 f - 16 rations
 i - a chunk of flesh


   Skills:
 * Level 8.6 Fighting
 - Level 3.6 Throwing
 - Level 1.5 Dodging
 - Level 0.3 Stealth
 + Level 6.9 Unarmed Combat


You had 8 spell levels left.
You didn't know any spells.
Your spell library contained the following spells:

 Spells                   Type           Power        Failure   Level  Hunger
 Animate Skeleton         Necr           N/A          43%         1    ##.....
 Apportation              Tloc           #.....       43%         1    ##.....
 Corona                   Hex            #......      43%         1    ##.....
 Summon Small Mammal      Summ           #...         43%         1    ##.....


Dungeon Overview and Level Annotations

Branches:
Dungeon (7/15)             Temple (1/1) D:6

Altars:
Ashenzari
Cheibriados
Dithmenos
Elyvilon
Fedhas
Gozag
Hepliaklqana
Makhleb
Nemelex Xobeh
Okawaru
Qazlal
Ru
Sif Muna
Trog
Vehumet
Wu Jian
Xom
Yredelemnul
Zin
The Shining One

Shops:
D:7 :

Annotations:
D:7 Harold


Innate Abilities, Weirdness & Mutations

You are too large for most types of armour.
You have claws for hands.
Your metabolism is lightning-fast.
You like to eat raw meat.
Your natural rate of healing is unusually fast.
You are covered in fur. (AC +1)
You have extremely tough skin. (AC +3)


Message History

* * * LOW HITPOINT WARNING * * *
The hippogriff claws you but does no damage.
Harold hits you with a +0 flail!
* * * LOW HITPOINT WARNING * * *
The adder closely misses you.
You feel much better. Something hits you but does no damage.
The hippogriff bites you! The hippogriff pecks you.
The hippogriff claws you but does no damage.
The adder closely misses you. The troll bites you!
* * * LOW HITPOINT WARNING * * *
The troll claws you but does no damage. The troll claws you!
* * * LOW HITPOINT WARNING * * *
Harold says, "Bounty hunting has been great, but I can't wait to retire."
Harold points at you and mumbles some strange words.
The mark upon you grows brighter. Something hits you but does no damage.
The orc closely misses you. The orc hits you but does no damage.
Harold hits you with a +0 flail!
* * * LOW HITPOINT WARNING * * *
The leopard gecko bites you.
You die...

#....#### #..##
........#####...#
...........##..## #
................#####..
###.............#.....
##..................
#..T.............##
#.....
##....................


You could see Harold, a hippogriff, a troll, a hungry ghost, an adder, an orc, a
leopard gecko, a quokka and 3 jackals.

Vanquished Creatures
  Pikel (D:4)
  Grinder (D:4)
  Edmund (D:4)
  An orc warrior (D:6)
  2 sky beasts
  A phantom (D:4)
  A bullfrog (D:6)
  2 howler monkeys
  2 crimson imps
  A centaur zombie (D:5)
  2 orc priests (D:4)
  3 jellies (D:4)
  A bullfrog skeleton (D:4)
  4 hounds
  4 orc wizards
  Natasha (twice) (D:2)
  Terence (D:2)
  A worker ant (D:4)
  A killer bee zombie (D:6)
  A hound skeleton (D:4)
  A howler monkey zombie (D:7)
  9 gnolls
  6 adders
  A shadow imp (D:3)
  8 oozes (D:4)
  3 worms
  5 leopard geckos
  23 orcs
  9 bats
  5 giant cockroaches
  5 goblins
  7 hobgoblins
  12 kobolds
  4 quokkas
  A ball python (D:1)
  6 frilled lizards
  A quokka skeleton (D:6)
  14 rats
153 creatures vanquished.

Vanquished Creatures (others)
  2 slaves (D:4)
  A bullfrog (D:4)
  A fungus (D:4)
  6 toadstools (D:4)
10 creatures vanquished.

Grand Total: 163 creatures vanquished

Notes
Turn   | Place    | Note
-------+----------+-------------------------------------------
     0 | D:1      | Patate the Troll Hunter began the quest for the Orb.
     0 | D:1      | Reached XP level 1. HP: 19/19 MP: 0/0
    54 | D:1      | Reached skill level 2 in Fighting
   126 | D:1      | Reached XP level 2. HP: 28/28 MP: 1/1
   181 | D:1      | Reached skill level 1 in Unarmed Combat
   454 | D:1      | Reached XP level 3. HP: 36/36 MP: 2/2
   923 | D:2      | Found a sacrificial altar of Ru.
   986 | D:2      | Reached skill level 3 in Fighting
  1045 | D:2      | Noticed Terence
  1047 | D:2      | Killed Terence
  1047 | D:2      | Reached XP level 4. HP: 45/45 MP: 3/3
  1409 | D:2      | Found a shimmering blue altar of Sif Muna.
  1429 | D:2      | Found a shimmering altar of Xom.
  1433 | D:2      | Found a hazy altar of Hepliaklqana.
  1438 | D:2      | Found a sparkling altar of Nemelex Xobeh.
  1438 | D:2      | Found a shadowy altar of Dithmenos.
  1438 | D:2      | Noticed Natasha
  1442 | D:2      | Found an opulent altar of Gozag.
  1449 | D:2      | Killed Natasha
  1641 | D:2      | Noticed Natasha
  1648 | D:2      | Killed Natasha
  1648 | D:2      | Reached XP level 5. HP: 38/54 MP: 4/4
  1923 | D:3      | Reached skill level 4 in Fighting
  2379 | D:4      | Noticed Edmund
  2383 | D:4      | Noticed Grinder
  2391 | D:4      | Killed Edmund
  2391 | D:4      | Reached XP level 6. HP: 52/63 MP: 5/5
  2395 | D:4      | Killed Grinder
  2395 | D:4      | Reached skill level 5 in Fighting
  2395 | D:4      | Reached XP level 7. HP: 49/72 MP: 6/6
  2540 | D:4      | Found a glowing silver altar of Zin.
  2998 | D:4      | Reached skill level 6 in Fighting
  3104 | D:4      | Reached skill level 5 in Unarmed Combat
  3126 | D:4      | Noticed Pikel
  3146 | D:4      | Killed Pikel
  3146 | D:4      | Reached skill level 7 in Fighting
  3146 | D:4      | Reached XP level 8. HP: 61/87 MP: 7/7
  3493 | D:5      | Entered Level 5 of the Dungeon
  4237 | D:6      | Found a staircase to the Ecumenical Temple.
  4249 | Temple   | Entered the Ecumenical Temple
  4433 | Temple   | Became a worshipper of Makhleb the Destroyer
  5114 | D:6      | Reached skill level 8 in Fighting
  5871 | D:6      | Reached XP level 9. HP: 96/96 MP: 8/8
  6043 | D:6      | Reached * piety under Makhleb
  6382 | D:7      | Found Idghaepp's Book Shoppe.
  6391 | D:7      | Noticed Harold
  6396 | D:7      | Noticed a troll
  6416 | D:7      | HP: 4/97 [hippogriff (5)]
  6421 | D:7      | HP: 2/97 [Harold/+0 flail (9)]
  6421 | D:7      | Slain by a leopard gecko

Illustrated notes

Levels and vault maps discovered:
D:1:      dpeg_arrival_connections, layout_basic, minmay_rat_gold_closets
D:2:      layout_loops_corners, nicolae_ru_awakened_eye,
          grunt_temple_overflow_open, chequers_serial_rivers_micro_d,
          uniq_terence, uniq_natasha
D:3:      layout_rooms, minmay_circle_x
D:4:      cheibrodos_fertilizer, layout_loops_ring, zin_statuary, uniq_pikel,
          uniq_grinder, uniq_edmund
D:5:      layout_basic, first_ration
D:6:      layout_loops_corners, minmay_temple_entry_glassed_door
D:7:      layout_layer_cave, eat_drink_and_be_merry_uskayaw, serial_shops, shop,
          uniq_harold
Temple:   minmay_temple_bridge_abc

Skill      XL: |  1  2  3  4  5  6  7  8 |
---------------+-------------------------+-----
Fighting       | 2 3 4 5 7 8 |  8.6
Unarmed Combat | 1 2 3 4 5 6 |  6.9
Throwing       | |  3.6
Dodging        | |  1.5
Stealth        | |  0.3

Action                   |  1- 3 |  4- 6 |  7- 9 || total
-------------------------+-------+-------+-------++-------
Melee: Unarmed           |    92 |   112 |   263 ||   467
       Punch             |     1 |     1 |     6 ||     8
Throw: Large rock        |     2 |     6 |    12 ||    20
       Throwing net      |       |     3 |       ||     3
  Use: Scroll            |       |     9 |     7 ||    16
       Potion            |       |       |     3 ||     3
 Stab: Sleeping          |     7 |     3 |       ||    10
       Held in net/web   |       |     2 |       ||     2
  Eat: Chunk             |    15 |    13 |    33 ||    61
       Ration            |       |       |     1 ||     1
Armor: Robe              |    27 |    53 |   120 ||   200
Dodge: Dodged            |    39 |    53 |   168 ||   260
